 Dungeon Crawl Stone Soup version 0.30.1-9-gdf580d7c3d (webtiles) character file.

Game seed: 7543341540418687129

1514 Ivernyr the Twirler (level 8, -4/42 HPs)
             Began as a Vine Stalker Gladiator on Sept 26, 2023.
             Was a Follower of Wu Jian.
             Slain by an orc warrior
             ... wielding a +0 dire flail
              (16 damage)
             ... on level 6 of the Dungeon.
             The game lasted 00:10:48 (4873 turns).

Ivernyr the Twirler (Vine Stalker Gladiator)        Turns: 4873, Time: 00:10:48

Health: -4/42      AC:  4    Str: 24    XL:     8   Next: 83%
Magic:  0/9        EV: 14    Int:  8    God:    Wu Jian [*.....]
Gold:   261        SH:  0    Dex: 17    Spells: 7/7 levels left

rFire   . . .        a - +7 staff of the Meek {protect, meekguard}
rCold   . . .        (shield currently unavailable)
rNeg    . . .        b - +0 leather armour
rPois   .            c - +0 helmet
rElec   .            (no cloak)
rCorr   .            (no gloves)
SInv    +            (no boots)
Will    +....        (no amulet)
Stlth   +            D - +6 ring of strength
HPRegen 1.07/turn    q - ring of see invisible
MPRegen 0.11/turn

%: guardian spirit
@: no status effects
A: fangs 3, regeneration 1, magic shield, antimagic bite, no potion heal 2
a: Renounce Religion


You were on level 6 of the Dungeon.
You worshipped Wu Jian.
Wu Jian was aware of your devotion.
You visited 2 branches of the dungeon, and saw 8 of its levels.

You collected 261 gold pieces.

Inventory:

Hand Weapons
 a - the +7 staff of the Meek (weapon) {protect, meekguard}
   (You found it on level 2 of the Dungeon)
Missiles
 d - 4 throwing nets (quivered)
 e - a javelin
Armour
 b - a +0 leather armour (worn)
 c - a +0 helmet (worn)
Jewellery
 m - a ring of magical power
 o - a ring of protection from cold
 q - a ring of see invisible (right hand)
 B - a ring of magical power
 D - a +6 ring of strength (left hand)
Wands
 u - a wand of roots (19)
 E - a wand of acid (7)
 H - a wand of flame (18)
Scrolls
 f - 3 scrolls of brand weapon {unknown}
 g - 3 scrolls of enchant weapon {unknown}
 h - 3 scrolls of fear {unknown}
 i - 8 scrolls of identify {unknown}
 j - 2 scrolls of blinking {unknown}
 k - 4 scrolls of teleportation {unknown}
 l - 3 scrolls of magic mapping {unknown}
 n - a scroll of fog {unknown}
 x - a scroll of amnesia {unknown}
 y - a scroll of silence {unknown}
 A - a scroll of noise {unknown}
 F - a scroll of immolation {unknown}
Potions
 p - a potion of heal wounds
 r - 2 potions of attraction {unknown}
 s - a potion of magic {unknown}
 t - a potion of lignification {unknown}
 v - a potion of resistance {unknown}
 w - a potion of berserk rage {unknown}
 z - a potion of flight {unknown}
 C - a potion of degeneration {unknown}
 G - a potion of mutation {unknown}


   Skills:
 + Level 4.6 Fighting
 - Level 3.4 Long Blades
 * Level 5.6 Staves
 - Level 1.7 Throwing
 + Level 3.7 Armour
 + Level 4.6 Dodging


You had 7 spell levels left.
You didn't know any spells.
Your spell library contained the following spells:

 Spells                   Type           Power      Damage    Failure   Level
 Summon Lightning Spire   Summ/Air       0%         N/A       99%         4
 Storm Form               Tmut/Air       0%         N/A       100%        7
 Maxwell's Capacitive Co  Air            0%         ∞         100%        8


Dungeon Overview and Level Annotations

Branches:
Dungeon (7/15)             Temple (1/1) D:4

Altars:
Elyvilon
Fedhas
Gozag
Hepliaklqana
Kikubaaqudgha
Nemelex Xobeh
Okawaru
Qazlal
Ru
Uskayaw
Vehumet
Wu Jian
Yredelemnul
The Shining One

Shops:
D:3 *   D:5 !


Innate Abilities, Weirdness & Mutations

You have razor-sharp teeth.
Your natural rate of healing is unusually fast.
When hurt, damage is shared between your health and your magic reserves.
Your bite disrupts and absorbs the magic of your enemies.
Potions cannot restore your health.


Message History

The orc warrior hits you with a +0 dire flail!
You barely miss the orc. You bite the orc!
You kill the orc!
The Council accepts your kill.
The orc warrior hits you with a +0 dire flail!
The orc warrior attacks as you move away!
The orc warrior hits you with a +0 dire flail!
* * * LOW HITPOINT WARNING * * *
The sleepcap attacks as you move away! The sleepcap closely misses you.
You spin and attack the sleepcap.
You thump the sleepcap!
Your weapon exudes an aura of protection.
The sleepcap is heavily damaged.
The sleepcap closely misses you.
You spin and attack the orc warrior.
You barely miss the orc warrior.
The orc warrior is moderately wounded.
The orc warrior barely misses you.
The orc warrior attacks as you move away!
The orc warrior hits you with a +0 dire flail!
* * * LOW HITPOINT WARNING * * *
The orc warrior attacks as you move away!
The orc warrior misses you. The sleepcap attacks as you move away!
The sleepcap barely misses you.
The orc warrior attacks as you move away!
The orc warrior misses you.
There is a stone staircase leading up here.
The sleepcap barely misses you.
The orc warrior hits you with a +0 dire flail.
You climb upwards.
There is a stone staircase leading down here.
The orc warrior attacks as you move away!
The orc warrior hits you with a +0 dire flail!
* * * LOW HITPOINT WARNING * * *
The orc warrior attacks as you move away!
The orc warrior completely misses you.
The orc warrior attacks as you move away!
The orc warrior hits you with a +0 dire flail.
* * * LOW HITPOINT WARNING * * *
The orc warrior attacks as you move away!
The orc warrior hits you with a +0 dire flail!!
You die...

#..####....##.....####.#
#..####...........# #..
#.....#......####.# ##.
#.............# #.# #.
##.......##...# #.# #. ##
#######......# #.# #. .##
#.##.#####.#####.
..###############.##.....>.......
#...............@of...#.#######..
##.........#####........# #..
###..####..#####..#####.## #..
.#'#..........##.........# #.#
_.###..##...#......###...# #.#
.#'#..##.###..##.#.# #...# #..
###......# #.....#.# #...# ###
##....##.###..#.##.# #...###### #
#.....###.......##.###........###


You could see an orc warrior and a sleepcap.

Vanquished Creatures
  Sigmund (D:5)
  2 water moccasins (D:5)
  An ice beast (D:6)
  A sky beast (D:5)
  2 ogres
  A phantom (D:5)
  A bullfrog (D:6)
  A scorpion (D:5)
  A hound (D:6)
  A gnoll bouda (D:6)
  2 orc priests
  An iguana (D:5)
  2 sleepcaps (D:5)
  Natasha (thrice) (D:2)
  Ijyb (D:3)
  11 gnolls
  8 adders
  A shadow imp (D:7)
  An ufetubus (D:5)
  2 worms (D:3)
  2 dart slugs (D:1)
  10 orcs
  5 bats
  5 endoplasms
  5 giant cockroaches (D:1)
  2 goblins (D:1)
  9 hobgoblins
  9 jackals
  7 kobolds
  6 quokkas
  4 ball pythons
  5 frilled lizards
  3 rats
116 creatures vanquished.

Notes
Turn   | Place    | Note
-------+----------+-------------------------------------------
     0 | D:1      | Ivernyr the Vine Stalker Gladiator began the quest for the
                  | Orb.
     0 | D:1      | Reached XP level 1. HP: 11/11 MP: 2/2
    39 | D:1      | Reached XP level 2. HP: 11/15 MP: 3/3
   225 | D:1      | Reached XP level 3. HP: 15/18 MP: 2/4
   911 | D:2      | Reached skill level 1 in Armour
   994 | D:2      | Found the +7 staff of the Meek {protect, meekguard}
  1022 | D:2      | Gained mutation: Your natural rate of healing is unusually
                  | fast. [Vine Stalker growth]
  1022 | D:2      | Reached XP level 4. HP: 14/23 MP: 5/5
  1165 | D:2      | Noticed Natasha
  1170 | D:2      | Killed Natasha
  1275 | D:2      | Noticed Natasha
  1281 | D:2      | Killed Natasha
  1282 | D:2      | Reached skill level 1 in Staves
  1282 | D:2      | Reached XP level 5. HP: 27/27 MP: 6/6
  1541 | D:2      | Noticed Natasha
  1547 | D:2      | Killed Natasha
  1899 | D:3      | Reached skill level 2 in Staves
  1930 | D:3      | Noticed Ijyb
  1944 | D:3      | Killed Ijyb
  1991 | D:3      | Reached XP level 6. HP: 30/32 MP: 7/7
  2333 | D:3      | Found Ugogo's Assorted Antiques.
  2494 | D:4      | Found a staircase to the Ecumenical Temple.
  2530 | Temple   | Entered the Ecumenical Temple
  2549 | Temple   | Became a worshipper of the Wu Jian Council
  3174 | D:5      | Entered Level 5 of the Dungeon
  3244 | D:5      | Noticed a water moccasin
  3253 | D:5      | Killed a water moccasin
  3254 | D:5      | Reached skill level 3 in Staves
  3281 | D:5      | Found a stormy altar of Qazlal.
  3304 | D:5      | Reached XP level 7. HP: 29/36 MP: 8/8
  3339 | D:5      | Found Caenez's Distillery.
  3676 | D:5      | Reached skill level 4 in Staves
  3706 | D:5      | Found a glowing golden altar of the Shining One.
  3706 | D:5      | Found an ancient bone altar of Kikubaaqudgha.
  3707 | D:5      | Found a blossoming altar of Fedhas.
  3784 | D:5      | Gained mutation: You have razor-sharp teeth. [Vine Stalker
                  | growth]
  3784 | D:5      | Reached XP level 8. HP: 37/42 MP: 9/9
  3813 | D:5      | Reached * piety under Wu Jian
  3864 | D:5      | Noticed Sigmund
  3872 | D:5      | Killed Sigmund
  3873 | D:5      | Reached skill level 5 in Staves
  4469 | D:6      | Found a sparkling altar of Nemelex Xobeh.
  4682 | D:6      | Found a radiant altar of Vehumet.
  4873 | D:6      | Slain by an orc warrior

Illustrated notes

Levels and vault maps discovered:
D:1:      minmay_arrival_up_and_down, layout_basic, minmay_misc_feat_chi
D:2:      layout_loops_cross, minivault_11, nrook_loot_triangle, uniq_natasha
D:3:      layout_basic, serial_shops, nicolae_shop_advertising_works
          [nicolae_subvault_shop_adworks], grunt_decor_arrowhead, hex_medium,
          uniq_ijyb
D:4:      layout_loops_ring, minmay_temple_entry_large_hall
D:5:      layout_loops_ring, grunt_qazlal_clouds,
          nicolae_overflow_hidden_temple, serial_shops,
          nicolae_shop_tiny_statue_garden, uniq_sigmund
D:6:      layout_loops_cross, nemelex_diamond_rough_becter,
          nicolae_vehumet_altar_sigil, kennysheep_donut, hangedman_decor_growths
D:7:      layout_gridville, tgw_trog
Temple:   compressed_dpeg_circular_temple

Skill      XL: |  1  2  3  4  5  6  7  8 |
---------------+-------------------------+-----
Fighting       | 2 3 4 |  4.6
Long Blades    | 3 |  3.4
Armour         | 1 2 3 |  3.7
Staves         | 1 2 3 4 5 |  5.6
Dodging        | 3 4 |  4.6
Throwing       | |  1.7

Action                     |  1- 3 |  4- 6 |  7- 9 || total
---------------------------+-------+-------+-------++-------
  Melee: Long sword        |    90 |       |       ||    90
         Bite              |    16 |    36 |    25 ||    77
         Punch             |     2 |       |       ||     2
         Quarterstaff      |       |   131 |    92 ||   223
Ability: Lunge             |       |     3 |     8 ||    11
         Whirlwind         |       |       |     6 ||     6
   Stab: Sleeping          |     3 |       |       ||     3
 Armour: Leather armour    |    34 |    39 |    31 ||   104
  Dodge: Dodged            |    69 |    96 |    47 ||   212
